 Dungeon Crawl Stone Soup version 0.29-a0-973-gac7da5f7f0 (webtiles) character file.

Game seed: 10353583565905211556

291 purpskrrrp the Ruffian (level 6, -1/53 HPs)
             Began as a Ghoul Fighter on Aug 1, 2022.
             Was a Believer of Jiyva.
             Slain by a hobgoblin (6 damage)
             ... led by Robin
             ... on level 3 of the Dungeon.
             The game lasted 00:05:51 (1709 turns).

purpskrrrp the Ruffian (Ghoul Fighter)              Turns: 1709, Time: 00:05:51

Health: -1/53      AC:  7    Str: 22    XL:     6   Next: 32%
Magic:  5/5        EV:  9    Int:  3    God:    Jiyva [**....]
Gold:   103        SH:  0    Dex:  8    Spells: 5/5 levels left

rFire   . . .      SeeInvis .     - Unarmed
rCold   + . .      Faith    .   (no shield)
rNeg    + + +      Spirit   .   a - +0 scale mail
rPois   ∞          Reflect  .   h - +0 helmet
rElec   .          Harm     .   (no cloak)
rCorr   +          Rampage  .   (no gloves)
Will    +....                   (no boots)
Stlth   ..........              (no amulet)
HPRegen 0.96/turn               g - ring of willpower
MPRegen 0.39/turn               (no ring)

@: mighty, inhibited regen
A: claws 1, cold resistance 1, negative energy resistance 3, inhibited
regeneration, torment resistance 2, devour on kill
a: Renounce Religion


You were on level 3 of the Dungeon.
You worshipped Jiyva.
Jiyva was pleased with you.
You visited 1 branch of the dungeon, and saw 3 of its levels.

You collected 103 gold pieces.

Inventory:

Hand Weapons
 m - a +1 dagger of venom
Armour
 a - a +0 scale mail (worn)
 b - a +0 buckler
 f - a +0 plate armour
 h - a +0 helmet (worn)
Jewellery
 g - a ring of willpower (left claw)
 q - a +4 ring of evasion
Scrolls
 l - 3 scrolls of identify {unknown}
 n - a scroll of teleportation {unknown}
 o - a scroll of fear {unknown}
 p - a scroll of acquirement {unknown}
Potions
 d - a potion of degeneration {unknown}
 e - a potion of flight {unknown}
 i - a potion of ambrosia {unknown}
 j - a potion of lignification {unknown}
 k - a potion of curing {unknown}


   Skills:
 + Level 4.5 Fighting
 - Level 2.6 Armour
 + Level 0.2 Stealth
 - Level 2.6 Shields
 * Level 6.3 Unarmed Combat


You had 5 spell levels left.
You didn't know any spells.
Your spell library contained the following spells:

 Spells                   Type           Power      Damage    Failure   Level
 Conjure Flame            Conj/Fire      0%         6-21      99%         3
 Ignite Poison            Fire/Tmut/Pois 0%         N/A       99%         3
 Sticky Flame             Conj/Fire      0%         2d3       100%        4


Dungeon Overview and Level Annotations

Branches:
Dungeon (3/15)

Altars:
Jiyva

Shops:
D:3 !


Innate Abilities, Weirdness & Mutations

You are immune to poison.
You have sharp fingernails.
Your flesh is cold resistant. (rC+)
You are immune to negative energy. (rN+++)
You do not regenerate when monsters are visible.
You are immune to unholy pain and torment.
You thrive by killing the living.


Message History

The goblin is almost dead.
The goblin hits you but does no damage.
The hobgoblin hits you but does no damage.
The goblin hits you but does no damage.
The hobgoblin hits you but does no damage.
Attack: -) Claws
Press: ? - help, Dir - move target, f/p - goblin
Aim: a goblin, wielding a +0 club (almost dead, strong, about 44% to evade your claws)
You completely miss the goblin.
The goblin is almost dead.
The goblin hits you but does no damage. x2
The hobgoblin hits you but does no damage.
The hobgoblin closely misses you.
Attack: -) Claws
Press: ? - help, Dir - move target, f/p - goblin
Aim: a goblin, wielding a +0 club (almost dead, strong, about 44% to evade your claws)
You closely miss the goblin.
The goblin is almost dead.
The goblin closely misses you. The goblin hits you but does no damage.
The hobgoblin barely misses you. x2
Attack: -) Claws
Press: ? - help, Dir - move target, f/p - goblin
Aim: a goblin, wielding a +0 club (almost dead, strong, about 44% to evade your claws)
You claw the goblin!
You kill the goblin!
The goblin hits you with a +0 dagger.
* * * LOW HITPOINT WARNING * * *
The hobgoblin hits you.
* * * LOW HITPOINT WARNING * * *
The hobgoblin hits you.
* * * LOW HITPOINT WARNING * * *
Attack: -) Claws
Press: ? - help, Dir - move target, f - hobgoblin
Aim: a hobgoblin (strong, about 37% to evade your claws)
You scratch the hobgoblin. Your claw misses the hobgoblin.
The hobgoblin is heavily wounded.
The goblin closely misses you. The hobgoblin barely misses you.
The hobgoblin misses you. The hobgoblin attacks as you move away!
The hobgoblin hits you.
You die...

### # # ..# .# #.
#.#############.#
#.##.##............#
####.#?..#.#######.....
#........#.# #.##.#
#......).#.## ##.##.#
#.....@)....# #...[.#
#....ggg###..# #..####
#.....r......####..###
#........#......>....#
#........# #.####..#.#
##.#.#.### .# #.)#.##
#.#.#.. .# #..#... #
#.... .. #..#### .#
#..# #


You could see 2 hobgoblins, a goblin (strong) and a rat.

Vanquished Creatures
  Grinder (D:3)
  An orc wizard (D:3)
  Robin (D:3)
  An adder (D:3)
  2 worms (D:2)
  A dart slug (D:1)
  3 orcs (D:3)
  2 giant cockroaches
  9 goblins
  4 hobgoblins
  3 jackals
  4 kobolds
  A quokka (D:3)
  6 ball pythons (D:1)
  4 bats
  2 frilled lizards
  8 rats
53 creatures vanquished.

Vanquished Creatures (others)
  3 jackals (D:2)
  A bat (D:2)
  5 plants (D:3)
  4 toadstools (D:3)
13 creatures vanquished.

Grand Total: 66 creatures vanquished

Notes
Turn   | Place    | Note
-------+----------+-------------------------------------------
     0 | D:1      | purpskrrrp the Ghoul Fighter began the quest for the Orb.
     0 | D:1      | Reached XP level 1. HP: 19/19 MP: 0/0
   202 | D:1      | Reached XP level 2. HP: 26/26 MP: 1/1
   650 | D:1      | Reached skill level 3 in Unarmed Combat
   702 | D:1      | Reached XP level 3. HP: 33/33 MP: 2/2
   786 | D:2      | Found a faded altar of an unknown god.
   790 | D:2      | Prayed at the altar of an unknown god.
   790 | D:2      | Became a worshipper of Jiyva Jeuh the Shapeless
   790 | D:2      | Reached * piety under Jiyva
  1008 | D:2      | Reached ** piety under Jiyva
  1538 | D:3      | Reached skill level 4 in Unarmed Combat
  1538 | D:3      | Reached XP level 4. HP: 33/40 MP: 3/3
  1612 | D:3      | Found Vochuw's Distillery.
  1659 | D:3      | Noticed Grinder
  1672 | D:3      | Killed Grinder
  1673 | D:3      | Reached skill level 6 in Unarmed Combat
  1673 | D:3      | Reached XP level 5. HP: 47/47 MP: 4/4
  1673 | D:3      | Reached XP level 6. HP: 53/53 MP: 5/5
  1682 | D:3      | Noticed Robin
  1699 | D:3      | Killed Robin
  1709 | D:3      | Slain by a hobgoblin

Illustrated notes

Levels and vault maps discovered:
D:1:      dpeg_arrival_brainrot, layout_basic, minmay_split_cup_large
D:2:      layout_loops_cross, nicolae_ecumenical_pavilion, minmay_crystal_room,
          kennysheep_generic_room_13
D:3:      layout_loops_ring, mainiacjoe_overflow_surrounded_room,
          nicolae_elyvilon_temple_path, nicolae_vehumet_radiance, serial_shops,
          nicolae_shop_waterfront, minmay_gold_behind_fungi, amethyst_killhole,
          uniq_robin, uniq_grinder

Skill      XL: |  1  2  3  4 |
---------------+-------------+-----
Unarmed Combat | 3 4 6 |  6.3
Fighting       | 4 |  4.5
Armour         | |  2.6
Stealth        | |  0.2
Shields        | |  2.6

Action                   |  1- 3 |  4- 6 || total
-------------------------+-------+-------++-------
Melee: Unarmed           |   108 |    44 ||   152
       Punch             |     4 |       ||     4
  Use: Scroll            |     2 |       ||     2
       Potion            |       |     1 ||     1
Armor: Scale mail        |    61 |    43 ||   104
Dodge: Dodged            |    35 |    41 ||    76

Table legend: (Time is in decaauts)
 A = Elapsed time spent in this place.
 B = Non-inter-level travel time spent in this place.
 C = Inter-level travel time spent in this place.
 D = Time resting spent in this place.
 E = Time spent auto-exploring this place.
 F = Levels seen in this place.
 G = Mean time per level.
                   A        B        C        D        E       F      G
               +--------+--------+--------+--------+--------+-----+--------+
         Total |   1697 |   1632 |     65 |      0 |   1275 |   3 |  565.7 |
       Dungeon |   1697 |   1632 |     65 |      0 |   1275 |   3 |  565.7 |
               +--------+--------+--------+--------+--------+-----+--------+

Top non-repeatable levels by time:
     D:1: 784 daAuts
     D:2: 617 daAuts
     D:3: 296 daAuts
